 Dungeon Crawl Stone Soup version 0.29.1-1-gd02db6906a (webtiles) character file.

Game seed: 7977357978193389489

11 MisterFreud the Covert (level 2, -6/29 HPs)
             Began as a Gnoll Delver on Sept 22, 2022.
             Mangled by a mummy (14 damage)
             ... on level 6 of the Dungeon.
             The game lasted 00:01:02 (160 turns).

MisterFreud the Covert (Gnoll Delver)                Turns: 160, Time: 00:01:03

Health: -6/29      AC:  3    Str: 11    XL:     2   Next: 29%
Magic:  2/2        EV: 13    Int:  9    God:
Gold:   0          SH:  0    Dex: 13    Spells: 1/1 levels left

rFire   . . .      SeeInvis .   a - +0 short sword
rCold   . . .      Faith    .   (no shield)
rNeg    . . .      Spirit   .   b - +0 leather armour
rPois   .          Reflect  .   (no helmet)
rElec   .          Harm     .   (no cloak)
rCorr   .          Rampage  .   (no gloves)
Will    .....                   (no boots)
Stlth   ++++......              (no amulet)
HPRegen 0.09/turn               (no ring)
MPRegen 0.08/turn               (no ring)

@: no status effects
A: fangs 1, strong nose, distributed training
a: no special abilities


You were on level 6 of the Dungeon.
You visited 1 branch of the dungeon, and saw 2 of its levels.
You also visited: Ossuary.

Inventory:

Hand Weapons
 a - a +0 short sword (weapon)
Armour
 b - a +0 leather armour (worn)
Wands
 g - a wand of digging (3)
Scrolls
 c - a scroll of fog
 e - a scroll of fear
Potions
 f - a potion of haste


   Skills:
 + Level 6.5 Fighting
 + Level 4.5 Short Blades
 + Level 0.4 Long Blades
 + Level 0.4 Axes
 + Level 0.4 Maces & Flails
 + Level 0.4 Polearms
 + Level 0.4 Staves
 + Level 0.4 Ranged Weapons
 + Level 0.4 Throwing
 + Level 0.4 Armour
 + Level 4.5 Dodging
 + Level 9.5 Stealth
 + Level 0.4 Shields
 + Level 0.4 Unarmed Combat
 + Level 0.4 Spellcasting
 + Level 0.2 Conjurations
 + Level 0.2 Hexes
 + Level 0.2 Summonings
 + Level 0.2 Necromancy
 + Level 0.2 Translocations
 + Level 0.2 Transmutations
 + Level 0.2 Fire Magic
 + Level 0.2 Ice Magic
 + Level 0.2 Air Magic
 + Level 0.2 Earth Magic
 + Level 0.2 Poison Magic
 + Level 0.5 Invocations
 + Level 0.4 Evocations


You had one spell level left.
You didn't know any spells.
Your spell library was empty.

Dungeon Overview and Level Annotations

Branches:
Dungeon (6/15)            Ossuary (visited)
 Temple: D:4-7

Altars:


Innate Abilities, Weirdness & Mutations

You have very sharp teeth.
Your uncanny sense of smell can sniff out nearby items.
Your experience applies equally to all skills.


Message History

You hit the orc zombie but do no damage.
The orc zombie is severely damaged.
The mummy hits you but does no damage.
You barely miss the orc zombie.
The orc zombie is severely damaged.
The orc zombie barely misses you. The mummy hits you.
You hit the orc zombie but do no damage.
The orc zombie is severely damaged.
The orc zombie completely misses you.
The orc zombie hits you but does no damage.
The mummy completely misses you.
There is a collapsed entrance here.
You hit the mummy but do no damage. You hit the mummy.
The mummy is moderately damaged.
The mummy hits you!
Ouch! That really hurt!
* * * LOW HITPOINT WARNING * * *
Unknown command.
You hit the mummy but do no damage. Your bite misses the mummy.
The mummy is moderately damaged.
You barely miss the mummy. Your bite misses the mummy.
The mummy is moderately damaged.
The mummy barely misses you.
You hit the mummy.
The mummy is heavily damaged.
You barely miss the mummy. Your bite misses the mummy.
The mummy is heavily damaged.
The mummy misses you.
You hit the mummy but do no damage.
The mummy is heavily damaged.
You hit the mummy.
The mummy is heavily damaged.
The mummy misses you.
You completely miss the mummy. You punch the mummy, but do no damage.
The mummy is heavily damaged.
You hit the mummy but do no damage.
The mummy is heavily damaged.
The mummy hits you!
You die...

*,,,,,,+.....##....##..#*+###*,,*
*,,,,,,#...........##..#*,,,,,,,*
*,,,,*##+###'##.........,,,,,,,,*
*,,,,#........#.)........,,,,,,,*
*,,,,#........#######..##.,,**,,*
*,,,,#............#**#+#*,,,**,,*
*,,,,#............#,,,,,,,,,,,,,*
*+***#..........M.#,,,,,,,,,,,,,*
,,,,,..#+##+##..@.#,,>,,,,,,,,,,*
,,,,>..*,,,,,#.)..+,,,,,,,,,,,,,*
,,,,,,,*,,,∆,#....#+*******,***+*
,,,,,,,*,,>,,#.....,,,,,,,*,**,,*
,,,,,,,*,,,,,#......,,,,,,*,,,,,*
,,,,,,,*,,∆,,#.......,,,,,*,,,,,*
,,,,,,,*,,,,,#........,,,,*,,,,,*
,,***+**,,,,,#.........,,,*,,,,,*
,,*,,,,*,,,,,*,,,,,,,,,,,,*,,,,,*


You could see a mummy.

Vanquished Creatures
  An adder (D:6)
  A gnoll zombie (Ossuary)
  A kobold zombie (Ossuary)
  An orc zombie (Ossuary)
4 creatures vanquished.

Notes
Turn   | Place    | Note
-------+----------+-------------------------------------------
     0 | D:5      | Reached skill level 9 in Stealth
     0 | D:5      | MisterFreud the Gnoll Delver began the quest for the Orb.
     0 | D:5      | Reached XP level 1. HP: 23/23 MP: 1/1
    21 | D:6      | Reached XP level 2. HP: 29/29 MP: 2/2
    28 | D:6      | Found a sand-covered staircase.
    36 | Ossuary  | Entered an ossuary
   160 | D:6      | Mangled by a mummy

Illustrated notes

Levels and vault maps discovered:
D:5:      layout_basic, mainiacjoe_overflow_catwalk_spiral
D:6:      layout_gridville, serial_shops, shop, enter_ossuary_3, uniq_sigmund

Skill      XL: | |
---------------+-+-----
Stealth        | |  9.5
Fighting       | |  6.5
Short Blades   | |  4.5
Long Blades    | |  0.4
Axes           | |  0.4
Maces & Flails | |  0.4
Polearms       | |  0.4
Staves         | |  0.4
Ranged Weapons | |  0.4
Throwing       | |  0.4
Armour         | |  0.4
Dodging        | |  4.5
Shields        | |  0.4
Unarmed Combat | |  0.4
Spellcasting   | |  0.4
Conjurations   | |  0.2
Hexes          | |  0.2
Summonings     | |  0.2
Necromancy     | |  0.2
Translocations | |  0.2
Transmutations | |  0.2
Fire Magic     | |  0.2
Ice Magic      | |  0.2
Air Magic      | |  0.2
Earth Magic    | |  0.2
Poison Magic   | |  0.2
Invocations    | |  0.5
Evocations     | |  0.4

Action                   || total
-------------------------++-------
Melee: Short sword       ||    33
       Punch             ||     1
  Use: Scroll            ||     1
 Stab: Sleeping          ||     1
Armor: Leather armour    ||     5
Dodge: Dodged            ||    16
